 Dungeon Crawl Stone Soup version 0.31.0-4-g52a2dc7128 (webtiles) character file.

Game seed: 12428421553597213899

23401 BeingJoeMalik the Bludgeoner (level 13, -10/114 HPs)
             Began as a Tengu Reaver on Jan 21, 2024.
             Was a High Priest of Trog.
             Killed from afar by a kobold blastminer (37 damage)
             ... with an iron shot
             ... on level 1 of the Orcish Mines.
             The game lasted 00:47:21 (15203 turns).

BeingJoeMalik the Bludgeoner (Tengu Reaver)        Turns: 15203, Time: 00:47:21

Health: -10/114    AC: 10    Str: 16    XL:     13   Next: 6%
Magic:  17/17      EV: 30    Int: 13    God:    Trog [*****.]
Gold:   1010       SH: 11    Dex: 15    Spells: 16/16 levels left

rFire   . . .        P - +0 whip (venom)
rCold   . . .        p - +0 kite shield
rNeg    . . .        F - +2 scale mail {rPois}
rPois   +            (helmet restricted)
rElec   .            (no cloak)
rCorr   +            (no gloves)
SInv    .            (boots unavailable)
Will    ++...        (no amulet) Stlth
                     c - ring of willpower
HPRegen 0.39/turn    i - ring of Mogaw {Will+ rCorr}
MPRegen 0.15/turn

%: acrobat
@: berserking, acrobatic, flying, very quick
A: beak, talons 3, evasive flight, acrobatic
a: Renounce Religion, Berserk, Trog's Hand, Brothers in Arms


You were on level 1 of the Orcish Mines.
You worshipped Trog.
Trog was extremely pleased with you.
You visited 3 branches of the dungeon, and saw 12 of its levels.
You also visited: Sewer and Volcano.

You collected 1010 gold pieces.

Inventory:

Hand Weapons
 d - a +3 whip of freezing
 B - a +0 mace of flaming
 C - a +2 flail
 P - a +0 whip of venom (weapon)
 R - a +3 antimagic dire flail
Missiles
 q - 14 poisoned darts (quivered)
Armour
 p - a +0 kite shield (worn)
 t - a +2 pair of gloves of strength
 y - a +0 buckler
 D - a +2 robe of fire resistance
 E - a +2 robe of positive energy
 F - a +2 scale mail of poison resistance (worn)
 G - a +2 ring mail of cold resistance
 K - a +3 scale mail of fire resistance
Jewellery
 b - a ring of see invisible
 c - a ring of willpower (left hand)
 i - the ring of Mogaw (right hand) {Will+ rCorr}
   (You found it on level 4 of the Dungeon)

   [ring of resist corrosion]

   Will+:     It increases your willpower.
   rCorr:     It protects you from acid and corrosion.
 M - a ring of willpower
 N - an amulet of magic regeneration
Wands
 h - a wand of paralysis (3)
 r - a wand of polymorph (4)
 I - a wand of iceblast (14)
Scrolls
 a - 7 scrolls of identify
 g - 4 scrolls of poison
 k - 2 scrolls of vulnerability
 l - 5 scrolls of immolation
 m - 2 scrolls of revelation
 s - 5 scrolls of enchant armour
 x - a scroll of amnesia
 A - 2 scrolls of noise
 H - 4 scrolls of teleportation
 L - 3 scrolls of fear
 O - a scroll of blinking {unknown}
Potions
 e - a potion of haste
 f - 2 potions of enlightenment
 j - a potion of degeneration
 n - 2 potions of invisibility
 o - 3 potions of brilliance
 u - 2 potions of cancellation
 v - 5 potions of might
 w - 2 potions of magic
 z - a potion of resistance
 J - a potion of mutation
Miscellaneous
 Q - a phantom mirror


   Skills:
 + Level 7.4 Fighting
 - Level 16.6 Maces & Flails
 + Level 7.6 Armour
 + Level 6.6 Dodging
 + Level 3.6 Stealth
 * Level 9.7 Shields
 - Level 2.0 Spellcasting
 - Level 4.0 Conjurations


You had 16 spell levels left.
You didn't know any spells.
Your spell library contained the following spells:

 Spells                   Type           Power      Damage    Failure   Level
 Kiss of Death            Conj/Necr      24%        2d7       58%         1
 Momentum Strike          Conj/Tloc      12%        3d8       75%         2
 Necrotise                Necr           4%         1d4       86%         1
 Summon Small Mammal      Summ           4%         N/A       86%         1
 Hailstorm                Conj/Ice       6%         3d5       92%         3
 Call Canine Familiar     Summ           1%         N/A       99%         3
 Vampiric Draining        Necr           1%         2d6       99%         3
 Martyr's Knell           Necr/Summ      1%         N/A       100%        4
 Summon Blazeheart Golem  Fire/Summ      1%         N/A       100%        4
 Curse of Agony           Necr           1%         N/A       100%        5


Dungeon Overview and Level Annotations

Branches:
Dungeon (10/15)            Temple (0/1) D:4            Lair (1/5) D:8
    Orc (1/2) D:10          Sewer (visited)         Volcano (visited)

Altars:
Ashenzari
Cheibriados
Dithmenos
Gozag
Hepliaklqana
Kikubaaqudgha
Okawaru
Ru
Trog
Vehumet
Zin
The Shining One

Shops:
D:5 :


Innate Abilities, Weirdness & Mutations

You have a beak for a mouth.
You have claws for feet.
Your magical flight helps you evade attacks. (EV +4)
You can magically evade attacks while moving or waiting.


Message History

The kobold blastminer looks as sick as possible!
You claw the kobold blastminer, but do no damage.
The kobold blastminer is moderately wounded.
Unknown command.
You barely miss the troll. You claw the troll.
You peck the troll, but do no damage.
The troll is almost dead.
The orc hits you with a +0 dagger.
The kobold blastminer blasts its cannon at you.
The iron shot hits you!
* * * LOW HITPOINT WARNING * * *
The kobold blastminer is knocked back by the blast.
The troll misses you. The troll closely misses you.
You block the troll's attack. The orc priest hits you with a +0 mace.
* * * LOW HITPOINT WARNING * * *
Unknown command.
Unknown command.
Okay, then.
Unknown command.
Unknown command.
A red film seems to cover your vision as you go berserk!
You feel yourself moving faster!
You feel mighty! The orc barely misses you. You block the troll's attack.
The troll closely misses you. The troll claws you but does no damage.
You block the orc priest's attack.
You thrash the troll!!
You feel the power of Trog in you as your rage grows.
You kill the troll!
Trog accepts your kill.
The kobold blastminer wields a +0 arbalest.
The kobold blastminer shoots a bolt.
You block the bolt.
You hit the orc priest. You claw the orc priest!
You kill the orc priest!
Trog accepts your kill. The orc hits you but does no damage.
You whack the orc!
You kill the orc!
Trog accepts your kill.
The kobold blastminer blasts its cannon at you.
The iron shot hits you!!!
You die...

#.......#.###.[.......##
##......#####..........#
###.....###.......##.##
##............#.# #
##..........####
##.....K...#
##.)......##
##.).$.....#
#...@$....#.#
#....##.......#
........#.......#
#......##........
#...#### ..... ##.. ....
#. ...♣ #


You could see a kobold blastminer (extremely poisoned).

Vanquished Creatures
  4 two-headed ogres
  A dancing weapon (Volcano)
  3 death yaks (D:8)
  2 occultists (Volcano)
  Pikel (D:4)
  An orc sorcerer (Volcano)
  5 toenail golems (Volcano)
  Jeremiah (D:7)
  2 cane toads (Lair:1)
  2 komodo dragons
  A troll (Orc:1)
  Grinder (D:3)
  A shadow (D:10)
  A wyvern (D:9)
  5 humans (Volcano)
  A basilisk (Lair:1)
  37 yaks
  A wraith (D:10)
  A steam dragon (D:7)
  Menkaure (D:6)
  An acid dragon (D:10)
  2 water moccasins
  Duvessa (D:6)
  2 ice beasts
  A sky beast (D:8)
  15 orc warriors
  An ogre (D:6)
  A black bear (D:4)
  5 centaurs
  A lemure (D:4)
  3 kobold brigands (D:9)
  8 bullfrogs
  3 gnoll sergeants (D:9)
  5 scorpions
  18 wights
  Dowan (D:6)
  6 killer bees
  3 howler monkeys
  2 bombardier beetles (D:3)
  6 jellies
  A sleepcap (D:5)
  9 orc priests
  2 hounds
  A gnoll bouda (D:8)
  3 iguanas (D:5)
  10 orc wizards
  A hell rat (D:8)
  16 gnolls
  10 adders
  4 river rats
  A shadow imp (D:4)
  5 white imps
  7 ufetubi
  2 ribbon worms
  2 dart slugs
  54 orcs
  8 bats
  13 endoplasms
  7 giant cockroaches
  9 goblins
  6 hobgoblins
  5 jackals
  21 kobolds
  5 quokkas
  19 ball pythons
  9 frilled lizards
  12 rats
399 creatures vanquished.

Notes
Turn   | Place    | Note
-------+----------+-------------------------------------------
     0 | D:1      | BeingJoeMalik the Tengu Reaver began the quest for the Orb.
     0 | D:1      | Reached XP level 1. HP: 12/12 MP: 4/4
   121 | D:1      | Reached XP level 2. HP: 11/17 MP: 6/6
   158 | D:1      | Reached skill level 4 in Maces & Flails
   581 | D:1      | Reached XP level 3. HP: 21/21 MP: 7/7
  1019 | D:2      | Reached skill level 5 in Maces & Flails
  1079 | D:2      | Reached XP level 4. HP: 13/23 MP: 8/8
  1339 | D:2      | Reached skill level 6 in Maces & Flails
  1479 | D:2      | Found a faded altar of an unknown god.
  1483 | D:2      | Prayed at the altar of an unknown god.
  1483 | D:2      | Became a worshipper of Trog the Wrathful
  1483 | D:2      | Reached * piety under Trog
  1575 | D:2      | Reached XP level 5. HP: 30/30 MP: 9/9
  2001 | D:3      | Reached skill level 7 in Maces & Flails
  2009 | D:3      | Noticed Grinder
  2023 | D:3      | Killed Grinder
  2024 | D:3      | Reached skill level 8 in Maces & Flails
  2024 | D:3      | Reached XP level 6. HP: 35/35 MP: 10/10
  2051 | D:3      | Found a bloodstained altar of Trog.
  2089 | D:3      | Gained mutation: Your magical flight helps you evade
                  | attacks. (EV +4) [Tengu growth]
  2089 | D:3      | Reached XP level 7. HP: 4/40 MP: 11/11
  2091 | D:3      | HP: 1/40 [burnt (2)]
  2194 | D:3      | Reached ** piety under Trog
  2370 | D:3      | Found a glowing golden altar of the Shining One.
  2630 | D:4      | Noticed Pikel
  2646 | D:4      | Killed Pikel
  2647 | D:4      | Reached skill level 10 in Maces & Flails
  2647 | D:4      | Reached XP level 8. HP: 30/44 MP: 12/12
  2744 | D:4      | Identified the ring of Mogaw {Will+ rCorr}
  2954 | D:4      | Found a staircase to the Ecumenical Temple.
  2977 | D:4      | Reached skill level 11 in Maces & Flails
  3218 | D:4      | Found a glowing drain.
  3222 | Sewer    | Entered a sewer
  3356 | Sewer    | Reached *** piety under Trog
  3455 | Sewer    | Found a viscous altar of Jiyva.
  3800 | D:5      | Entered Level 5 of the Dungeon
  3930 | D:4      | Reached skill level 1 in Shields
  3933 | D:4      | Reached skill level 12 in Maces & Flails
  4076 | D:5      | Reached XP level 9. HP: 44/48 MP: 13/13
  4207 | D:5      | Found an iron altar of Okawaru.
  4347 | D:5      | Found a radiant altar of Vehumet.
  4389 | D:5      | Found Xucuacag's Book Shop.
  4400 | D:5      | Found a sacrificial altar of Ru.
  4612 | D:6      | Reached skill level 13 in Maces & Flails
  4950 | D:6      | Noticed Menkaure
  4963 | D:6      | Killed Menkaure
  5151 | D:6      | Noticed Duvessa
  5163 | D:6      | Noticed Dowan
  5173 | D:6      | Killed Duvessa
  5174 | D:6      | Reached skill level 14 in Maces & Flails
  5196 | D:6      | Killed Dowan
  5717 | D:6      | Reached XP level 10. HP: 53/53 MP: 14/14
  5791 | D:6      | Noticed a two-headed ogre
  5797 | D:6      | Killed a two-headed ogre
  5798 | D:6      | Reached skill level 15 in Maces & Flails
  6563 | D:7      | Found an opulent altar of Gozag.
  6741 | D:7      | Noticed Jeremiah
  6757 | D:7      | Killed Jeremiah
  7099 | D:7      | Noticed a two-headed ogre
  7105 | D:7      | Killed a two-headed ogre
  7106 | D:7      | Reached skill level 1 in Stealth
  8027 | D:8      | Found a snail-covered altar of Cheibriados.
  8191 | D:8      | Reached **** piety under Trog
  8192 | D:8      | Noticed a death yak
  8199 | D:8      | Noticed a death yak
  8285 | D:8      | Reached skill level 5 in Shields
  8308 | D:8      | Reached skill level 1 in Armour
  8473 | D:8      | Found a staircase to the Lair.
  8473 | D:8      | Noticed a two-headed ogre
  8474 | D:8      | Noticed a death yak
  8483 | D:8      | Killed a death yak
  8484 | D:8      | Reached XP level 11. HP: 61/61 MP: 15/15
  8488 | D:8      | Killed a two-headed ogre
  8495 | D:8      | Killed a death yak
  8542 | D:8      | Reached skill level 16 in Maces & Flails
  8694 | D:8      | Killed a death yak
  8695 | D:8      | Reached skill level 5 in Dodging
  8855 | D:8      | Reached skill level 5 in Fighting
  9059 | D:8      | Found a glowing silver altar of Zin.
  9674 | D:9      | Noticed a two-headed ogre
  9685 | D:9      | Killed a two-headed ogre
  9744 | D:9      | Found an ancient bone altar of Kikubaaqudgha.
 10081 | D:9      | Reached ***** piety under Trog
 10185 | D:9      | Found a broken altar of Ashenzari.
 10251 | D:9      | Found a hazy altar of Hepliaklqana.
 10547 | D:10     | Entered Level 10 of the Dungeon
 11085 | Lair:1   | Entered Level 1 of the Lair of Beasts
 11205 | Lair:1   | Found a dark tunnel.
 11210 | Volcano  | Entered a volcano
 11222 | Volcano  | Reached XP level 12. HP: 69/69 MP: 16/16
 11235 | Volcano  | Reached skill level 5 in Armour
 11417 | Volcano  | Noticed an occultist
 11425 | Volcano  | Killed an occultist
 11667 | Volcano  | Noticed an occultist
 11715 | Volcano  | HP: 2/71 [+2 mace of flaming (2)]
 11953 | Volcano  | Killed an occultist
 13624 | Lair:1   | Found an opulent altar of Gozag.
 13972 | D:10     | Found a staircase to the Orcish Mines.
 14455 | D:10     | Reached XP level 13. HP: 76/76 MP: 17/17
 14467 | D:10     | Received a gift from Trog
 14568 | D:10     | Found a shadowy altar of Dithmenos.
 14827 | Orc:1    | Entered Level 1 of the Orcish Mines
 15203 | Orc:1    | Killed from afar by a kobold blastminer

Illustrated notes

Levels and vault maps discovered:
D:1:      minmay_arrival_semitransparent, layout_loops_corners, chequers_avenue
D:2:      layout_rooms, nicolae_ecumenical_lake_church
D:3:      layout_loops_cross, mainiacjoe_overflow_six_doors_small,
          lemuel_doored_altar, uniq_grinder
D:4:      layout_basic, minmay_temple_entry_grid, serial_demonic,
          serial_demonic_a, serial_demonic_b, serial_demonic_d,
          serial_demonic_d, serial_demonic_e, serial_demonic_e,
          serial_demonic_g, serial_demonic_d, serial_demonic_a,
          serial_demonic_e, gup_sewer_entry_bowl, minmay_misc_feat_rows,
          uniq_pikel
D:5:      layout_cave_pools, tgw_xom, nicolae_vehumet_altar_sigil,
          okawaru_metal_pillars_1_2, nicolae_ru_great_annihilating_truth,
          serial_shops, shop
D:6:      layout_layer_cave, mumra_transporter_accident, grunt_ministairs_2,
          uniq_duvessa, uniq_menkaure
D:7:      layout_loops_corners, kennysheep_little_box, minmay_misc_feat_x,
          due_unseen_surprise, uniq_jeremiah
D:8:      layout_rooms, kennysheep_slug_shrine, dpeg_lair_monsters,
          abandoned_shop, minmay_ruined_shrine
D:9:      layout_long_grid, kennysheep_mini, jmf_multi_god_temple2
D:10:     layout_gridville, lemuel_tele_altar, david_orc_5
Lair:1:   layout_long_grid, enter_volcano_4, lemuel_centaur_altar
Orc:1:    layout_diamond_mine, serial_shops, shop, nicolae_shop_trees

Skill      XL: |  1  2  3  4  5  6  7  8  9 10 11 12 |
---------------+-------------------------------------+-----
Maces & Flails | 4 5 6 8 10 12 14 15 16 | 16.6
Shields        | 1 3 5 7 9 |  9.7
Dodging        | 4 5 6 |  6.6
Stealth        | 2 3 |  3.6
Fighting       | 4 5 7 |  7.4
Armour         | 1 4 7 |  7.6
Spellcasting   | |  2.0
Conjurations   | |  4.0

Action                     |  1- 3 |  4- 6 |  7- 9 | 10-12 | 13-15 || total
---------------------------+-------+-------+-------+-------+-------++-------
  Melee: Mace              |    83 |    91 |    53 |       |       ||   227
         Kick              |    14 |    20 |   121 |   326 |    42 ||   523
         Peck              |     7 |    13 |    72 |   176 |    25 ||   293
         Punch             |     1 |       |     3 |       |       ||     4
         Whip              |       |       |   343 |   798 |   112 ||  1253
  Throw: Dart              |       |       |       |     1 |       ||     1
   Cast: Kiss of Death     |     2 |       |       |       |       ||     2
 Invoke: Berserk           |       |     2 |    13 |    23 |     1 ||    39
    Use: Potion            |       |     1 |     6 |     3 |       ||    10
         Scroll            |       |     1 |       |    24 |       ||    25
   Stab: Distracted        |     1 |       |       |       |       ||     1
         Sleeping          |       |       |     1 |       |       ||     1
         Paralysed         |       |       |     1 |       |       ||     1
         Fleeing           |       |       |       |     1 |       ||     1
 Armour: Leather armour    |    53 |    34 |   101 |       |       ||   188
         Robe              |       |       |    36 |    53 |       ||    89
         Ring mail         |       |       |       |    10 |       ||    10
         Scale mail        |       |       |       |   152 |    43 ||   195
  Dodge: Dodged            |    72 |    45 |   252 |   267 |    40 ||   676
  Block: Buckler           |       |       |    15 |    44 |       ||    59
         Kite shield       |       |       |       |   114 |    43 ||   157
